SL
FT. WORTH CATTLEMEN @ PORTLAND EVERGREENS
09/24/2030
 
TOP OF THE 1ST
Ft. Worth Cattlemen batting - Pitching for Portland Evergreens : RHP Roberto Calderón
Pitching: RHP Roberto Calderón
Batting: SHB Javier Vázquez 0-0: Called Strike
0-1: Ball
1-1: Ball
2-1: Ball
3-1: Base on Balls
Batting: LHB Chris Etheridge 0-0: Ball
Javier Vázquez steals 2nd base
1-0: Foul Ball, location: 2F
1-1: Called Strike
Javier Vázquez steals 3rd base
1-2: Ground out 6-3 (Groundball, 6)
Javier Vázquez scores
Batting: RHB Bart Lewis 0-0: Called Strike
0-1: Foul Ball, location: 2F
0-2: SINGLE (Groundball, 6D)
Batting: RHB Gilberto Juárez 0-0: Called Strike
0-1: Foul Ball, location: 2F
0-2: Foul Ball, location: 2F
0-2: Ball
1-2: Ball
2-2: Hit by Pitch
Bart Lewis to second
Batting: LHB Rick Mayfield 0-0: Ball
1-0: Swinging Strike
1-1: Ball
2-1: Ball
3-1: Swinging Strike
3-2: Foul Ball, location: 2F
3-2: Strikes out swinging
Batting: SHB Marcos Roa 0-0: Called Strike
0-1: SINGLE (Line Drive, 8RS)
Bart Lewis to third
Gilberto Juárez to second
Batting: SHB Roberto Mosca 0-0: Called Strike
0-1: Foul Ball, location: 2F
0-2: Strikes out swinging
Top of the 1st over - 1 run, 2 hits, 0 errors, 3 left on base; Ft. Worth 1 - Portland 0
BOTTOM OF THE 1ST
Portland Evergreens batting - Pitching for Ft. Worth Cattlemen : RHP Mack MacDonald
Pitching: RHP Mack MacDonald
Batting: SHB Willie McGirt 0-0: SINGLE (Flyball, 89S)
Batting: LHB John Ennis 0-0: Ball
1-0: Ball
2-0: Ball
3-0: Called Strike
3-1: Foul Ball, location: 2F
3-2: Foul Ball, location: 2F
3-2: Base on Balls
Willie McGirt to second
Batting: SHB Billy Dotson 0-0: Ball
Willie McGirt steals 3rd base
John Ennis to second
1-0: Foul Ball, location: 2F
1-1: Foul Ball, location: 2F
1-2: Strikes out swinging
Batting: LHB Chris Payling 0-0: Ball
1-0: Called Strike
1-1: Ground out 3-1 (Groundball, 34S)
Willie McGirt scores
John Ennis to third
Batting: LHB Dewitt Hopper 0-0: Ball
1-0: Foul Ball, location: 2F
1-1: Ground out 6-3 (Groundball, 6)
Bottom of the 1st over - 1 run, 1 hit, 0 errors, 1 left on base; Ft. Worth 1 - Portland 1
TOP OF THE 2ND
Ft. Worth Cattlemen batting - Pitching for Portland Evergreens : RHP Roberto Calderón
Batting: RHB Lloyd Alberink 0-0: Ball
1-0: Ball
2-0: Swinging Strike
2-1: Ground out 4-3 (Groundball, 4)
Batting: RHB Miguel Canales 0-0: Ground out 5-3 (Groundball, 56)
Batting: SHB Javier Vázquez 0-0: Ball
1-0: Swinging Strike
1-1: Foul Ball, location: 2F
1-2: Ball
2-2: Strikes out swinging
Top of the 2nd over - 0 runs, 0 hits, 0 errors, 0 left on base; Ft. Worth 1 - Portland 1
BOTTOM OF THE 2ND
Portland Evergreens batting - Pitching for Ft. Worth Cattlemen : RHP Mack MacDonald
Batting: LHB Shahid Afridi 0-0: Called Strike
0-1: Swinging Strike
0-2: Ball
1-2: Strikes out looking
Batting: RHB Nelson Jaramillo 0-0: Swinging Strike
0-1: Swinging Strike
0-2: Strikes out looking
Batting: LHB Ramón Garmendia 0-0: Ground out 4-3 (Groundball, 4)
Bottom of the 2nd over - 0 runs, 0 hits, 0 errors, 0 left on base; Ft. Worth 1 - Portland 1
TOP OF THE 3RD
Ft. Worth Cattlemen batting - Pitching for Portland Evergreens : RHP Roberto Calderón
Batting: LHB Chris Etheridge 0-0: Ball
1-0: Swinging Strike
1-1: Fly out, F5 (Popup, 5SF)
Batting: RHB Bart Lewis 0-0: Swinging Strike
0-1: Swinging Strike
0-2: Ball
1-2: Foul Ball, location: 2F
1-2: Ground out 3-1 (Groundball, 34S)
Batting: RHB Gilberto Juárez 0-0: Called Strike
0-1: Ball
1-1: Swinging Strike
1-2: SINGLE (Line Drive, 8LS)
Batting: LHB Rick Mayfield 0-0: Called Strike
0-1: Ball
Gilberto Juárez steals 2nd base
1-1: Ball
2-1: Foul Ball, location: 2F
2-2: Foul Ball, location: 2F
2-2: Strikes out swinging
Top of the 3rd over - 0 runs, 1 hit, 0 errors, 1 left on base; Ft. Worth 1 - Portland 1
BOTTOM OF THE 3RD
Portland Evergreens batting - Pitching for Ft. Worth Cattlemen : RHP Mack MacDonald
Batting: RHB Carlos Cardona 0-0: Ball
1-0: Ball
2-0: Swinging Strike
2-1: Ground out 4-3 (Groundball, 4)
Batting: SHB Willie McGirt 0-0: Ball
1-0: Ball
2-0: Called Strike
2-1: Ball
3-1: Swinging Strike
3-2: Foul Ball, location: 2F
3-2: Foul Ball, location: 2F
3-2: Base on Balls
Batting: LHB John Ennis 0-0: Ball
1-0: Called Strike
Willie McGirt steals 2nd base
1-1: Ball
2-1: Ball
3-1: Called Strike
3-2: Foul Ball, location: 2F
3-2: Foul Ball, location: 2F
3-2: Foul Ball, location: 2F
3-2: Ground out 4-3 (Groundball, 4)
Willie McGirt to third
Batting: SHB Billy Dotson 0-0: Swinging Strike
0-1: Ground out 4-3 (Groundball, 4)
Bottom of the 3rd over - 0 runs, 0 hits, 0 errors, 1 left on base; Ft. Worth 1 - Portland 1
TOP OF THE 4TH
Ft. Worth Cattlemen batting - Pitching for Portland Evergreens : RHP Roberto Calderón
Batting: SHB Marcos Roa 0-0: Ball
1-0: Ball
2-0: Ball
3-0: Base on Balls
Batting: SHB Roberto Mosca 0-0: Ball
1-0: Foul Ball, location: 2F
1-1: Ball
2-1: Ball
3-1: Swinging Strike
3-2: DOUBLE (Groundball, 3L)
Marcos Roa to third
Batting: RHB Lloyd Alberink 0-0: Ball
1-0: Fly out, F2 (Popup, 23F)
Batting: RHB Miguel Canales 0-0: Called Strike
0-1: Ball
1-1: Swinging Strike
1-2: Ball
2-2: Foul Ball, location: 2F
2-2: Foul Ball, location: 2F
2-2: Foul Ball, location: 2F
2-2: Foul Ball, location: 2F
2-2: Ball
3-2: SINGLE (Groundball, 56D)
Marcos Roa scores
Roberto Mosca to third
Batting: SHB Javier Vázquez 0-0: Ball
1-0: Foul Ball, location: 2F
1-1: Foul Ball, location: 2F
1-2: Ball
2-2: Ball
3-2: Foul Ball, location: 2F
3-2: Fly out, F7 (Flyball, 7D)
Runner from 3rd tags up, SCORES, throw made
Batting: LHB Chris Etheridge 0-0: SINGLE (Groundball, 4MD)
Miguel Canales to second
Runner from 2nd tries for 3rd, SAFE, no throw
Batting: RHB Bart Lewis 0-0: Ball
1-0: Ball
2-0: Ball
3-0: Fly out, F7 (Flyball, 7S)
Top of the 4th over - 2 runs, 3 hits, 0 errors, 2 left on base; Ft. Worth 3 - Portland 1
BOTTOM OF THE 4TH
Portland Evergreens batting - Pitching for Ft. Worth Cattlemen : RHP Mack MacDonald
Batting: LHB Chris Payling 0-0: Ball
1-0: Foul Ball, location: 2F
1-1: Fly out, F8 (Line Drive, 8LD)
Batting: LHB Dewitt Hopper 0-0: Ball
1-0: Ball
2-0: DOUBLE (Line Drive, 9LS) - OUT at third base trying to stretch hit.
Batting: LHB Shahid Afridi 0-0: Ball
1-0: Swinging Strike
1-1: Ball
2-1: Ball
3-1: Base on Balls
Batting: RHB Nelson Jaramillo 0-0: Swinging Strike
Balk!
Shahid Afridi to second
0-1: Ball
1-1: Ball
2-1: Swinging Strike
2-2: Foul Ball, location: 2F
2-2: Ground out 4-3 (Groundball, 4D)
Bottom of the 4th over - 0 runs, 1 hit, 0 errors, 1 left on base; Ft. Worth 3 - Portland 1
TOP OF THE 5TH
Ft. Worth Cattlemen batting - Pitching for Portland Evergreens : RHP Roberto Calderón
Batting: RHB Gilberto Juárez 0-0: Ball
1-0: Swinging Strike
1-1: Swinging Strike
1-2: Ball
2-2: Ball
3-2: Strikes out swinging
Batting: LHB Rick Mayfield 0-0: Ball
1-0: Foul Ball, location: 2F
1-1: Ball
2-1: Foul Ball, location: 2F
2-2: Foul Ball, location: 2F
2-2: Ground out 4-3 (Groundball, 4)
Pitching: RHP Pedro Aguilar
Batting: SHB Marcos Roa 0-0: Called Strike
0-1: Ball
1-1: Foul Ball, location: 2F
1-2: Ground out U3 (Groundball, 34)
Top of the 5th over - 0 runs, 0 hits, 0 errors, 0 left on base; Ft. Worth 3 - Portland 1
BOTTOM OF THE 5TH
Portland Evergreens batting - Pitching for Ft. Worth Cattlemen : RHP Mack MacDonald
Batting: LHB Ramón Garmendia 0-0: Foul Ball, location: 2F
0-1: Swinging Strike
0-2: Strikes out swinging
Batting: RHB Carlos Cardona 0-0: Ball
1-0: Ball
2-0: Called Strike
2-1: Foul Ball, location: 2F
2-2: Foul Ball, location: 2F
2-2: Ground out 5-3 (Groundball, 56)
Batting: SHB Willie McGirt 0-0: DOUBLE (Flyball, 8RXD)
Batting: LHB John Ennis 0-0: Ball
1-0: Ball
2-0: Ball
3-0: Called Strike
3-1: Base on Balls
Batting: SHB Billy Dotson 0-0: Ball
1-0: Ball
2-0: Ball
3-0: Called Strike
3-1: Called Strike
3-2: Base on Balls
Willie McGirt to third
John Ennis to second
Batting: LHB Chris Payling 0-0: Ball
1-0: Ground out U3 (Groundball, 3)
Bottom of the 5th over - 0 runs, 1 hit, 0 errors, 3 left on base; Ft. Worth 3 - Portland 1
TOP OF THE 6TH
Ft. Worth Cattlemen batting - Pitching for Portland Evergreens : RHP Pedro Aguilar
Batting: SHB Roberto Mosca 0-0: Called Strike
0-1: Called Strike
0-2: Ball
1-2: Foul Ball, location: 2F
1-2: Foul Ball, location: 2F
1-2: Ball
2-2: Foul Ball, location: 2F
2-2: Strikes out swinging
Batting: RHB Lloyd Alberink 0-0: Ball
1-0: Called Strike
1-1: Called Strike
1-2: Foul Ball, location: 2F
1-2: Strikes out swinging
Batting: RHB Miguel Canales 0-0: Ball
1-0: Ground out 5-3 (Groundball, 56)
Top of the 6th over - 0 runs, 0 hits, 0 errors, 0 left on base; Ft. Worth 3 - Portland 1
BOTTOM OF THE 6TH
Portland Evergreens batting - Pitching for Ft. Worth Cattlemen : RHP Mack MacDonald
Batting: LHB Dewitt Hopper 0-0: Foul Ball, location: 2F
0-1: Swinging Strike
0-2: Ball
1-2: Foul Ball, location: 2F
1-2: SOLO HOME RUN (Line Drive, 7LD), Distance : 374 ft
Pitching: RHP Roberto Cavazos
Batting: LHB Shahid Afridi 0-0: Called Strike
0-1: Ball
1-1: SOLO HOME RUN (Flyball, 89XD), Distance : 420 ft
Batting: RHB Nelson Jaramillo 0-0: Swinging Strike
0-1: Called Strike
0-2: Strikes out swinging, 2-3 out at first.
Batting: LHB Ramón Garmendia 0-0: Fly out, F4 (Line Drive, 4)
Batting: RHB Carlos Cardona 0-0: Called Strike
0-1: Swinging Strike
0-2: Foul Ball, location: 2F
0-2: Ball
1-2: Strikes out swinging
Bottom of the 6th over - 2 runs, 2 hits, 0 errors, 0 left on base; Ft. Worth 3 - Portland 3
TOP OF THE 7TH
Ft. Worth Cattlemen batting - Pitching for Portland Evergreens : RHP Pedro Aguilar
Batting: SHB Javier Vázquez 0-0: Called Strike
0-1: Ball
1-1: Ball
2-1: Foul Ball, location: 2F
2-2: Strikes out swinging
Batting: LHB Chris Etheridge 0-0: Fly out, F9 (Flyball, 9LS)
Batting: RHB Bart Lewis 0-0: Foul Ball, location: 2F
0-1: Called Strike
0-2: Strikes out swinging
Top of the 7th over - 0 runs, 0 hits, 0 errors, 0 left on base; Ft. Worth 3 - Portland 3
BOTTOM OF THE 7TH
Portland Evergreens batting - Pitching for Ft. Worth Cattlemen : RHP Roberto Cavazos
Batting: SHB Willie McGirt 0-0: Ball
1-0: Called Strike
1-1: Ball
2-1: Foul Ball, location: 2F
2-2: Foul Ball, location: 2F
2-2: Ball
3-2: Foul Ball, location: 2F
3-2: Strikes out swinging
Batting: LHB John Ennis 0-0: Called Strike
0-1: Swinging Strike
0-2: Ground out 6-3 (Groundball, 6)
Batting: SHB Billy Dotson 0-0: Called Strike
0-1: Foul Ball, location: 2F
0-2: Strikes out swinging
Bottom of the 7th over - 0 runs, 0 hits, 0 errors, 0 left on base; Ft. Worth 3 - Portland 3
TOP OF THE 8TH
Ft. Worth Cattlemen batting - Pitching for Portland Evergreens : RHP Pedro Aguilar
Batting: RHB Gilberto Juárez 0-0: Called Strike
0-1: Ground out 5-3 (Groundball, 56)
Batting: LHB Rick Mayfield 0-0: Foul Ball, location: 2F
0-1: Called Strike
0-2: Ball
1-2: Strikes out swinging
Batting: SHB Marcos Roa 0-0: Ball
1-0: Fly out, F7 (Line Drive, 7)
Top of the 8th over - 0 runs, 0 hits, 0 errors, 0 left on base; Ft. Worth 3 - Portland 3
BOTTOM OF THE 8TH
Portland Evergreens batting - Pitching for Ft. Worth Cattlemen : RHP Roberto Cavazos
Batting: LHB Chris Payling 0-0: Ball
1-0: Ball
2-0: Foul Ball, location: 2F
2-1: Ground out 4-3 (Groundball, 4)
Batting: LHB Dewitt Hopper 0-0: Swinging Strike
0-1: Ball
1-1: Swinging Strike
1-2: Foul Ball, location: 2F
1-2: Strikes out swinging
Batting: LHB Shahid Afridi 0-0: Foul Ball, location: 2F
0-1: Ball
1-1: Ground out 3-1 (Groundball, 34S)
Bottom of the 8th over - 0 runs, 0 hits, 0 errors, 0 left on base; Ft. Worth 3 - Portland 3
TOP OF THE 9TH
Ft. Worth Cattlemen batting - Pitching for Portland Evergreens : RHP Pedro Aguilar
Batting: SHB Roberto Mosca 0-0: Called Strike
0-1: Ball
1-1: Ball
2-1: Ball
3-1: Base on Balls
Batting: RHB Lloyd Alberink 0-0: Sac Bunt - play at first, batter OUT! 1-4
Roberto Mosca to second
Pinch Hitting: RHB Tim Burney 0-0: Foul Ball, location: 2F
0-1: Called Strike
0-2: Ball
1-2: Strikes out swinging
Batting: SHB Javier Vázquez 0-0: Ball
1-0: Foul Ball, location: 2F
1-1: Ball
2-1: TRIPLE (Line Drive, 7D)
Roberto Mosca scores
Batting: LHB Chris Etheridge 0-0: Reached on error, E3 (Groundball, 34)
Javier Vázquez scores
Batting: RHB Bart Lewis 0-0: Ball
1-0: DOUBLE (Line Drive, 9D)
Chris Etheridge scores
Pitching: RHP Ricardo Gómez
Pinch Runner at 2nd Alan Elder:
Batting: RHB Gilberto Juárez 0-0: Called Strike
0-1: Called Strike
0-2: Strikes out swinging
Top of the 9th over - 3 runs, 2 hits, 1 error, 1 left on base; Ft. Worth 6 - Portland 3
BOTTOM OF THE 9TH
Portland Evergreens batting - Pitching for Ft. Worth Cattlemen : RHP Roberto Cavazos
Pitching: LHP Asher Spivey
Now at 2B: Orlando Montoya
Batting: RHB Nelson Jaramillo 0-0: Foul Ball, location: 2F
0-1: Ball
1-1: Ground out 6-3 (Groundball, 6)
Batting: LHB Ramón Garmendia 0-0: Ball
1-0: Ground out U3 (Groundball, 34S)
Batting: RHB Carlos Cardona 0-0: Called Strike
0-1: Foul Ball, location: 2F
0-2: Foul Ball, location: 2F
0-2: Ball
1-2: Ball
2-2: Foul Ball, location: 2F
2-2: Ball
3-2: Ground out 3-1 (Groundball, 34S)
Bottom of the 9th over - 0 runs, 0 hits, 0 errors, 0 left on base; Ft. Worth 6 - Portland 3
Sunday, March 18th, 2018 - OOTP Baseball 18.8 Build 76